 Dungeon Crawl Stone Soup version 0.28-a0-1206-g193881aaa2 (webtiles) character file.

Game seed: 8245339923433591119

1982 leviel the Cleaver (level 9, -25/81 HPs)
             Began as a Hill Orc Fighter on Dec 20, 2021.
             Was an Initiate of the Shining One.
             Annihilated by a boulder beetle (27 damage)
             ... on level 7 of the Dungeon.
             The game lasted 00:06:13 (7441 turns).

leviel the Cleaver (Hill Orc Fighter)               Turns: 7441, Time: 00:06:14

Health: -25/81     AC: 11    Str: 23    XL:     9   Next: 20%
Magic:  9/9        EV: 15    Int:  8    God:    the Shining One [......]
Gold:   340        SH:  5    Dex: 10    Spells: 8/8 levels left

rFire   . . .      SeeInvis .   j - +2 hand axe (venom)
rCold   . . .      Faith    +   c - +0 buckler
rNeg    . . .      Spirit   .   x - +0 acid dragon scales
rPois   .          Reflect  .   (no helmet)
rElec   .          Harm     .   b - +0 cloak
rCorr   +          Rampage  .   w - +0 pair of gloves
Will    .....                   e - +0 pair of boots
Stlth   +.........              u - amulet of faith
HPRegen 0.23/turn               h - +4 ring of evasion
MPRegen 0.11/turn               (no ring)

@: glowing
A: no striking features
a: Renounce Religion


You were on level 7 of the Dungeon.
You worshipped the Shining One.
The Shining One was noncommittal.
You visited 2 branches of the dungeon, and saw 8 of its levels.

You collected 340 gold pieces.

Inventory:

Hand Weapons
 a - a +0 war axe
 j - a +2 hand axe of venom (weapon)
Missiles
 n - a throwing net (quivered)
 y - 18 poisoned darts
Armour
 b - a +0 cloak (worn)
 c - a +0 buckler (worn)
 e - a +0 pair of boots (worn)
 w - a +0 pair of gloves (worn)
 x - +0 acid dragon scales (worn)
Jewellery
 h - a +4 ring of evasion (left hand)
 k - an amulet of magic regeneration
 u - an amulet of faith (around neck)
 v - an amulet of guardian spirit
Wands
 d - a wand of digging (6)
 o - a wand of flame (36)
Scrolls
 g - 6 scrolls of teleportation
 p - a scroll of silence {unknown}
 q - a scroll of torment {unknown}
 r - a scroll of immolation {unknown}
 s - a scroll of fog
 t - a scroll of enchant armour {unknown}
Potions
 f - a potion of brilliance {unknown}
 i - a potion of heal wounds
 l - 4 potions of magic
 m - a potion of invisibility {unknown}


   Skills:
 + Level 7.9 Fighting
 + Level 8.1 Axes
 + Level 7.2 Armour
 + Level 7.2 Shields


You had 8 spell levels left.
You didn't know any spells.
Your spell library contained the following spells:

 Spells                   Type           Power      Damage    Failure   Level
 Passwall                 Tmut/Erth      0%         N/A       63%         2
 Dazzling Flash           Conj/Hex       0%         N/A       85%         3
 Gell's Gravitas          Tloc           0%         N/A       85%         3
 Lesser Beckoning         Tloc           0%         N/A       85%         3
 Swiftness                Air            0%         N/A       85%         3
 Teleport Other           Tloc           0%         N/A       85%         3
 Tukima's Dance           Hex            0%         N/A       85%         3
 Iskenderun's Mystic Bla  Conj/Tloc      0%         2d3       99%         4
 Passage of Golubria      Tloc           0%         N/A       99%         4
 Yara's Violent Unravell  Hex/Tmut       0%         3d3       100%        5
 Dispersal                Tloc           0%         N/A       100%        6
 Starburst                Conj/Fire      0%         6d3       100%        6


Dungeon Overview and Level Annotations

Branches:
Dungeon (7/15)             Temple (1/1) D:5

Altars:
Ashenzari
Cheibriados
Dithmenos
Elyvilon
Fedhas
Gozag
Hepliaklqana
Kikubaaqudgha
Makhleb
Nemelex Xobeh
Okawaru
Qazlal
Ru
Trog
Uskayaw
Vehumet
Wu Jian
Xom
Yredelemnul
Zin
The Shining One


Message History

You slash the water moccasin!
The water moccasin is poisoned.
The water moccasin is almost dead.
You block the water moccasin's attack. The water moccasin closely misses you.
You hit the water moccasin.
You kill the water moccasin!
No target in view!
No target in view!
No target in view!
No target in view!
No target in view!
No target in view!
No target in view!
No target in view!
No target in view!
You see here a water moccasin corpse.
A boulder beetle comes into view.
The boulder beetle curls into a ball and begins rolling!
A boulder beetle is nearby!
A boulder beetle is nearby!
You hit the boulder beetle but do no damage.
The boulder beetle is poisoned.
The boulder beetle hits you!!!
Ouch! That really hurt!
The boulder beetle stops rolling and uncurls.
You are too injured to fight recklessly!
You are too injured to fight recklessly!
You are too injured to fight recklessly!
You are too injured to fight recklessly!
You are too injured to fight recklessly!
You barely miss the boulder beetle. The boulder beetle bites you!!
* * * LOW HITPOINT WARNING * * *
You hit the boulder beetle but do no damage.
The boulder beetle looks even sicker.
The boulder beetle is lightly wounded.
The boulder beetle bites you!
* * * LOW HITPOINT WARNING * * *
Okay, then.
The boulder beetle waves its antennae.
The boulder beetle curls into a ball and begins rolling!
The boulder beetle hits you!!
You die...

#########.#
#.○°°.....#
#B######### #@#
##.#### #.....#
#.....#####...
#.............
#.....#####...
#....†##......
########........
#........#......


You could see a boulder beetle (rolling, very poisoned).

Vanquished Creatures
  Maggie (D:6)
  Sigmund (D:2)
  A steam dragon (D:6)
  A water moccasin (D:7)
  2 ice beasts
  A black bear (D:5)
  A sky beast (D:7)
  2 kobold brigands
  4 scorpions
  2 howler monkeys
  3 orc priests
  A hound (D:6)
  A gnoll shaman (D:5)
  Jessica (D:3)
  Terence (D:3)
  2 orc wizards
  A hound skeleton (D:4)
  3 gnolls (D:5)
  7 adders
  A shadow imp (D:5)
  A white imp (D:6)
  An adder skeleton (D:4)
  4 dart slugs
  2 worms
  10 orcs
  6 ball pythons
  10 endoplasms
  3 giant cockroaches
  11 hobgoblins
  6 jackals
  5 quokkas
  3 bats
  A frilled lizard (D:1)
  2 goblins
  18 kobolds
  6 rats
126 creatures vanquished.

Notes
Turn   | Place    | Note
-------+----------+-------------------------------------------
     0 | D:1      | leviel the Hill Orc Fighter began the quest for the Orb.
     0 | D:1      | Reached XP level 1. HP: 19/19 MP: 1/1
   232 | D:1      | Reached skill level 3 in Axes
   232 | D:1      | Reached XP level 2. HP: 26/27 MP: 2/2
   783 | D:1      | Reached XP level 3. HP: 33/33 MP: 3/3
  1395 | D:2      | Noticed Sigmund
  1403 | D:2      | Killed Sigmund
  1404 | D:2      | Reached skill level 4 in Axes
  1404 | D:2      | Reached XP level 4. HP: 21/41 MP: 4/4
  1404 | D:2      | Reached XP level 5. HP: 25/47 MP: 5/5
  1599 | D:2      | Reached XP level 6. HP: 55/55 MP: 6/6
  1831 | D:2      | Reached skill level 5 in Fighting
  2307 | D:3      | Noticed Terence
  2316 | D:3      | Killed Terence
  2454 | D:3      | Noticed Jessica
  2461 | D:3      | Killed Jessica
  2575 | D:3      | Reached skill level 5 in Axes
  2852 | D:4      | Reached skill level 5 in Shields
  2864 | D:4      | Reached skill level 5 in Armour
  3226 | D:4      | Reached XP level 7. HP: 57/61 MP: 7/7
  3960 | D:5      | Entered Level 5 of the Dungeon
  4029 | D:5      | Reached skill level 6 in Axes
  4147 | D:5      | Reached XP level 8. HP: 47/71 MP: 8/8
  4498 | D:5      | Found a staircase to the Ecumenical Temple.
  4633 | Temple   | Entered the Ecumenical Temple
  4946 | Temple   | Became a worshipper of the Shining One
  5844 | D:6      | Reached skill level 7 in Axes
  5962 | D:6      | Noticed Maggie
  5982 | D:6      | Killed Maggie
  6499 | D:6      | Reached XP level 9. HP: 79/79 MP: 9/9
  7254 | D:7      | Reached skill level 8 in Axes
  7432 | D:7      | Noticed a boulder beetle
  7437 | D:7      | HP: 1/81 [boulder beetle (15)]
  7441 | D:7      | Annihilated by a boulder beetle

Illustrated notes

Levels and vault maps discovered:
D:1:      nicolae_arrival_washed_ashore, layout_rooms,
          nicolae_figureground_sparkle
D:2:      layout_loops_ring, st_stairs_6, nrook_mini_vaults, dk_noncrumbling_2,
          grunt_ministairs_5, uniq_sigmund
D:3:      layout_rooms, grunt_decor_mini_mirrors, uniq_terence, uniq_jessica
D:4:      layout_loops_corners
D:5:      layout_basic, minmay_temple_entry_glassed_door
D:6:      layout_layer_cave, uniq_maggie
D:7:      layout_loops_ring
Temple:   mainiacjoe_temple_circle_huts

Skill      XL: |  1  2  3  4  5  6  7  8  9 |
---------------+----------------------------+-----
Axes           | 3 4 5 6 7 8 |  8.1
Fighting       | 4 5 6 7 |  7.9
Armour         | 4 5 7 |  7.2
Shields        | 4 5 6 7 |  7.2

Action                   |  1- 3 |  4- 6 |  7- 9 || total
-------------------------+-------+-------+-------++-------
Melee: War axe           |   120 |   125 |    36 ||   281
       Hand axe          |       |       |   153 ||   153
  Use: Potion            |     1 |       |       ||     1
       Scroll            |       |     7 |       ||     7
Armor: Scale mail        |    55 |    53 |    42 ||   150
       Acid dragon scale |       |       |    10 ||    10
Dodge: Dodged            |    66 |    65 |    90 ||   221
Block: Buckler           |    22 |    22 |    39 ||    83

Table legend: (Time is in decaauts)
 A = Elapsed time spent in this place.
 B = Non-inter-level travel time spent in this place.
 C = Inter-level travel time spent in this place.
 D = Time resting spent in this place.
 E = Time spent auto-exploring this place.
 F = Levels seen in this place.
 G = Mean time per level.
                   A        B        C        D        E       F      G
               +--------+--------+--------+--------+--------+-----+--------+
         Total |   7519 |   7173 |    346 |    722 |   5461 |   8 |  939.9 |
       Dungeon |   7182 |   6889 |    293 |    722 |   5201 |   7 | 1026.0 |
        Temple |    336 |    283 |     53 |      0 |    260 |   1 |  336.0 |
               +--------+--------+--------+--------+--------+-----+--------+

Top non-repeatable levels by time:
     D:6: 1684 daAuts
     D:5: 1244 daAuts
     D:4: 1207 daAuts
     D:2: 1204 daAuts
     D:1: 1057 daAuts
     D:3: 575 daAuts
  Temple: 336 daAuts
     D:7: 207 daAuts
